 Dungeon Crawl Stone Soup version 0.28-a0-851-g8b9cc49659 (webtiles) character file.

Game seed: 15377773016656486479

4349 Gwenloh the Cleaver (level 10, -1/89 HPs)
             Began as a Hill Orc Fighter on Nov 14, 2021.
             Was a Believer of Qazlal.
             Slain by a tengu warrior (5 damage)
             ... on level 8 of the Dungeon.
             The game lasted 00:33:48 (10368 turns).

Gwenloh the Cleaver (Hill Orc Fighter)             Turns: 10368, Time: 00:33:51

Health: -1/89      AC: 21    Str: 20    XL:     10   Next: 34%
Magic:  15/15      EV:  6    Int:  8    God:    Qazlal [**....]
Gold:   206        SH: 12    Dex: 13    Spells: 9/9 levels left

rFire   . . .      SeeInvis .   a - +1 war axe
rCold   . . .      Faith    .   C - +0 kite shield
rNeg    . . .      Spirit   .   K - +0 chain mail
rPois   .          Reflect  .   m - +0 helmet
rElec   .          Harm     .   G - +0 cloak
rCorr   .          Rampage  .   J - +0 pair of gloves {Stlth+}
Will    .....                   x - +1 pair of boots
Stlth   ..........              (no amulet)
HPRegen 0.24/turn               h - +4 ring of protection
MPRegen 0.14/turn               I - ring of flight

@: flying
A: no striking features
a: Renounce Religion, Upheaval


You were on level 8 of the Dungeon.
You worshipped Qazlal.
Qazlal was pleased with you.
You visited 2 branches of the dungeon, and saw 10 of its levels.
You also visited: Sewer.

You collected 401 gold pieces.
You spent 195 gold pieces at shops.

Inventory:

Hand Weapons
 a - a +1 war axe (weapon)
 b - a +0 fustibalus
 t - a +0 flail
 B - a +2 vorpal spear
 M - a +0 hand crossbow
Missiles
 c - 2 boomerangs (quivered)
 f - 97 sling bullets
 g - 334 stones
 n - 17 bolts
 u - a throwing net
 w - 10 javelins
 L - 7 poisoned darts
Armour
 m - a +0 helmet (worn)
 x - a +1 pair of boots (worn)
 y - a +0 scale mail
 A - a +0 plate armour
 C - a +0 kite shield (worn)
 G - a +0 cloak (worn)
 J - a +0 pair of gloves of stealth (worn)
 K - a +0 chain mail (worn)
Jewellery
 h - a +4 ring of protection (left hand)
 I - a ring of flight (right hand)
Wands
 r - a wand of polymorph (2)
 N - a wand of mindburst (12)
Scrolls
 d - a scroll of fear
 e - a scroll of fog
 j - 5 scrolls of amnesia
 l - 3 scrolls of immolation
 p - a scroll of blinking {unknown}
 q - 2 scrolls of noise
 s - a scroll of holy word {unknown}
 D - a scroll of magic mapping {unknown}
 O - a scroll of enchant weapon
Potions
 i - 10 potions of curing
 k - 3 potions of heal wounds {unknown}
 o - a potion of invisibility {unknown}
 v - 3 potions of haste {unknown}
 z - a potion of resistance {unknown}
 E - a potion of ambrosia {unknown}
 F - 3 potions of brilliance {unknown}
 H - a potion of mutation {unknown}


   Skills:
 + Level 8.3 Fighting
 * Level 11.8 Axes
 + Level 7.6 Armour
 + Level 6.3 Shields
 * Level 7.7 Invocations


You had 9 spell levels left.
You didn't know any spells.
Your spell library contained the following spells:

 Spells                   Type           Power      Damage    Failure   Level
 Corpse Rot               Necr/Air       0%         N/A       100%        2
 Poisonous Vapours        Pois/Air       0%         N/A       100%        2
 Dazzling Flash           Conj/Hex       0%         N/A       100%        3
 Gell's Gravitas          Tloc           0%         N/A       100%        3
 Lesser Beckoning         Tloc           0%         N/A       100%        3
 Teleport Other           Tloc           0%         N/A       100%        3
 Airstrike                Air            0%         N/A       100%        4
 Iskenderun's Mystic Bla  Conj/Tloc      0%         2d3       100%        4
 Summon Lightning Spire   Summ/Air       0%         N/A       100%        4
 Alistair's Intoxication  Tmut/Pois      0%         N/A       100%        5
 Borgnjor's Vile Clutch   Necr/Erth      0%         N/A       100%        5
 Lightning Bolt           Conj/Air       0%         1d11      100%        5
 Eringya's Noxious Bog    Tmut/Pois      0%         N/A       100%        6
 Starburst                Conj/Fire      0%         6d3       100%        6


Dungeon Overview and Level Annotations

Branches:
Dungeon (9/15)             Temple (1/1) D:4           Sewer (visited)
   Lair: D:8-11         Orc: D:9-12

Altars:
Cheibriados
Dithmenos
Elyvilon
Fedhas
Gozag
Hepliaklqana
Kikubaaqudgha
Makhleb
Nemelex Xobeh
Okawaru
Qazlal
Ru
Sif Muna
Trog
Uskayaw
Vehumet
Wu Jian
Xom
Yredelemnul
Zin
The Shining One

Shops:
D:7 (   D:8 [   D:9 (

Annotations:
D:3 3 runed translucent doors, Crownlay's ghost, amateur HOFi; Sassenached's ghost, amateur HuWn; Tribosh's ghost, amateur OpFi


Message History

You block the tengu warrior's attack.
You hit the tengu warrior but do no damage.
The tengu warrior is heavily wounded.
You block the tengu warrior's attack.
The tengu warrior pecks you but does no damage.
The tengu warrior claws you but does no damage.
You miss the tengu warrior.
The tengu warrior is heavily wounded.
The tengu warrior hits you but does no damage.
You block the tengu warrior's attack. The tengu warrior claws you.
You barely miss the tengu warrior.
The tengu warrior is heavily wounded.
The tengu warrior hits you with a +0 battleaxe!
* * * LOW HITPOINT WARNING * * *
You block the tengu warrior's attack. The tengu warrior claws you.
* * * LOW HITPOINT WARNING * * *
You hit the tengu warrior but do no damage.
The tengu warrior is heavily wounded.
The tengu warrior hits you with a +0 battleaxe.
* * * LOW HITPOINT WARNING * * *
You block the tengu warrior's attack.
The tengu warrior claws you but does no damage.
You miss the tengu warrior.
The tengu warrior is heavily wounded.
You block the tengu warrior's attack.
The tengu warrior pecks you but does no damage.
You block the tengu warrior's attack.
You hit the tengu warrior.
The tengu warrior is heavily wounded.
The tengu warrior hits you but does no damage.
You block the tengu warrior's attack.
The tengu warrior claws you but does no damage.
You hit the tengu warrior.
The tengu warrior is heavily wounded.
The tengu warrior hits you with a +0 battleaxe!!
* * * LOW HITPOINT WARNING * * *
The tengu warrior pecks you but does no damage.
The tengu warrior claws you but does no damage.
The tengu warrior barely misses you. The tengu warrior pecks you.
You die...

#..# #.........#####.#
#..# #...#..#.#.####.#
#..# ##.##............
#..# #.###.#.#..#####
#..# #.# ##...#.#
##..#####.# ##.##.#
#...#≈≈≈#.# #.##.#
#...≈≈≈≈Q.#####.##.#
#...[.∩@≈.[.[..>...#####
#).#)≈≈≈≈##.###.##.#....
#....≈≈≈###.# #.##......
#..)##### #.# #.........
#...# #.# ######....
#...#######.########....
#...##...............###
#...##.####.##########
####......# #.#


You could see a tengu warrior.

Vanquished Creatures
  A troll (D:8)
  A meliai (shapeshifter) (D:9)
  Sigmund (D:2)
  A steam dragon (D:7)
  Duvessa (D:7)
  A water moccasin (D:8)
  An ice beast (D:5)
  A black bear (D:5)
  An orc warrior (D:8)
  Pargi (Sewer)
  7 necrophages
  5 ogres
  A kobold brigand (D:9)
  Blork the orc (D:4)
  2 bullfrogs
  3 scorpions
  A gnoll sergeant (D:5)
  Dowan (D:7)
  A water moccasin skeleton (D:5)
  10 killer bees
  4 wights (D:7)
  3 howler monkeys
  A centaur zombie (D:7)
  A bullfrog zombie (D:6)
  2 orc priests
  Crazy Yiuf (D:6)
  A centaur skeleton (D:7)
  3 jellies
  4 iguanas
  2 orc wizards
  A killer bee zombie (D:6)
  2 mummies (D:7)
  A howler monkey zombie (D:7)
  8 gnolls
  4 adders
  A shadow imp (D:7)
  A white imp (D:7)
  2 ufetubi
  An adder skeleton (D:4)
  2 dart slugs
  21 orcs
  5 endoplasms
  4 giant cockroaches
  7 goblins
  5 hobgoblins
  2 jackals (D:4)
  15 kobolds
  4 quokkas
  5 ball pythons
  3 bats
  11 frilled lizards
  3 rats
172 creatures vanquished.

Vanquished Creatures (others)
  A plant (D:2)
  3 withered plants (D:3)
4 creatures vanquished.

Grand Total: 176 creatures vanquished

Notes
Turn   | Place    | Note
-------+----------+-------------------------------------------
     0 | D:1      | Gwenloh the Hill Orc Fighter began the quest for the Orb.
     0 | D:1      | Reached XP level 1. HP: 19/19 MP: 1/1
   227 | D:1      | Reached skill level 3 in Axes
   284 | D:1      | Reached XP level 2. HP: 27/27 MP: 2/2
  1111 | D:2      | Reached XP level 3. HP: 30/33 MP: 3/3
  1140 | D:2      | Found a faded altar of an unknown god.
  1880 | D:3      | Noticed Sigmund
  1961 | D:3      | Noticed a centaur
  1974 | D:2      | Reached skill level 4 in Axes
  2284 | D:2      | Killed Sigmund
  2285 | D:2      | Reached skill level 5 in Axes
  2285 | D:2      | Reached XP level 4. HP: 36/41 MP: 4/4
  2285 | D:2      | Reached XP level 5. HP: 41/47 MP: 5/5
  2425 | D:3      | Reached XP level 6. HP: 46/55 MP: 6/6
  2490 | D:3      | Found a white marble altar of Elyvilon.
  2505 | D:3      | Became a worshipper of Elyvilon the Healer
  2590 | D:3      | Found a runed translucent gate.
  2590 | D:3      | Found a runed translucent gate.
  2590 | D:3      | Found a runed translucent gate.
  2599 | D:3      | Noticed Sassenached's ghost (amateur HuWn)
  2599 | D:3      | Noticed Crownlay's ghost (amateur HOFi)
  2600 | D:3      | Noticed Tribosh's ghost (amateur OpFi)
  2778 | D:3      | Reached skill level 5 in Fighting
  2778 | D:3      | Reached skill level 1 in Invocations
  2864 | D:3      | Reached skill level 6 in Axes
  3395 | D:4      | Reached * piety under Elyvilon
  3402 | D:4      | Noticed a necrophage
  3438 | D:4      | Reached XP level 7. HP: 61/61 MP: 8/8
  3771 | D:4      | Reached skill level 7 in Axes
  3771 | D:4      | Reached skill level 5 in Armour
  3982 | D:4      | Found a staircase to the Ecumenical Temple.
  4014 | Temple   | Entered the Ecumenical Temple
  4042 | Temple   | Fell from the grace of Elyvilon
  4042 | Temple   | Became a worshipper of Qazlal Stormbringer
  4276 | D:4      | Noticed Blork the orc
  4293 | D:4      | Killed Blork the orc
  4464 | D:4      | Reached XP level 8. HP: 64/70 MP: 10/10
  4799 | D:5      | Entered Level 5 of the Dungeon
  4842 | D:5      | Reached skill level 8 in Axes
  5060 | D:5      | Found a glowing drain.
  5064 | Sewer    | Entered a sewer
  5196 | Sewer    | Noticed Pargi
  5210 | Sewer    | Killed Pargi
  5210 | Sewer    | Reached * piety under Qazlal
  5359 | D:5      | Found a snail-covered altar of Cheibriados.
  6524 | D:5      | Reached skill level 9 in Axes
  6833 | D:6      | Reached skill level 5 in Invocations
  6936 | D:6      | Reached XP level 9. HP: 76/78 MP: 12/12
  7067 | D:6      | Found a burning altar of Makhleb.
  7072 | D:6      | Found a glowing silver altar of Zin.
  7072 | D:6      | Noticed an angel
  7073 | D:6      | Noticed a balrug
  7177 | D:6      | Found a runed translucent door.
  7178 | D:6      | Noticed Crazy Yiuf
  7403 | D:6      | Found an opulent altar of Gozag.
  7403 | D:6      | Found a hide-covered altar of Uskayaw.
  7546 | D:6      | Found a sacrificial altar of Ru.
  7660 | D:6      | Killed Crazy Yiuf
  7758 | D:7      | Noticed Duvessa
  7762 | D:7      | Noticed Dowan
  7776 | D:7      | Killed Duvessa
  7776 | D:7      | Killed Dowan
  7777 | D:7      | Reached skill level 10 in Axes
  7777 | D:7      | Reached skill level 5 in Shields
  8055 | D:7      | Reached ** piety under Qazlal
  8305 | D:7      | Found Qogij's Antique Weapon Emporium.
  8318 | D:7      | Reached skill level 11 in Axes
  8683 | D:8      | Reached XP level 10. HP: 67/88 MP: 10/15
  8861 | D:8      | Found Siqic's Antique Armour Boutique.
  9323 | D:8      | Bought a pair of embroidered gloves for 195 gold pieces
  9597 | D:9      | Noticed a tengu warrior
 10322 | D:9      | Found Cesam Yxtos's Antique Weapon Boutique.
 10368 | D:8      | HP: 4/89 [tengu warrior (18)]
 10368 | D:8      | Slain by a tengu warrior

Illustrated notes

Levels and vault maps discovered:
D:1:      dpeg_arrival_windows_large_door, layout_loops_ring,
          serial_bayou_pond_e, roderic_lattice_a
D:2:      layout_rooms, basic_ecumenical_altar, minmay_misc_feat_hallway,
          hangedman_abyss_or_decor_lesser_grid, minmay_lizard_king
D:3:      layout_loops_ring, elyvilon_altar_3, gammafunk_ghost_cemetery,
          grunt_ministairs_15, chequers_serial_rivers_small_a, uniq_sigmund
D:4:      layout_cave_pools, minmay_temple_entry_proselytizer, minmay_bisected,
          uniq_blork_the_orc
D:5:      black_bear_nest_2, layout_rooms, lemuel_doored_altar,
          gup_sewer_entry_bowl
D:6:      layout_loops_ring, grunt_temple_overflow_order_and_chaos_2,
          nicolae_ru_the_path_less_chosen, grunt_temple_overflow_open,
          hex_medium, uniq_crazy_yiuf_cottage
D:7:      layout_rooms, serial_undead, serial_undead_a, serial_undead_e,
          serial_undead_c, serial_undead_f, kennysheep_windowed_goal,
          uniq_duvessa
D:8:      layout_loops_ring, serial_shops, nicolae_shop_waterfront
D:9:      layout_cave_pools, cheibrodos_ashenzari_chains, serial_shops, shop,
          kb_rosetta
Temple:   minmay_temple_curvy_branch

Skill      XL: |  1  2  3  4  5  6  7  8  9 10 |
---------------+-------------------------------+-----
Axes           | 3 5 6 7 9 11 | 11.8
Fighting       | 4 5 6 7 8 |  8.3
Armour         | 4 5 6 7 |  7.6
Shields        | 4 5 6 |  6.3
Invocations    | 1 3 5 6 7 |  7.7

Action                   |  1- 3 |  4- 6 |  7- 9 | 10-12 || total
-------------------------+-------+-------+-------+-------++-------
Melee: War axe           |   112 |    83 |   294 |    91 ||   580
 Fire: Hunting sling     |       |       |    28 |       ||    28
       Fustibalus        |       |       |    67 |    26 ||    93
Throw: Stone             |    49 |    31 |     5 |       ||    85
       Javelin           |       |     2 |    10 |       ||    12
       Boomerang         |       |       |     4 |       ||     4
Invok: Upheaval          |       |       |     1 |     4 ||     5
Evoke: Wand              |       |     4 |       |       ||     4
  Use: Potion            |     1 |       |     1 |     1 ||     3
       Scroll            |       |       |     9 |     1 ||    10
Armor: Scale mail        |    50 |    38 |   147 |     9 ||   244
       Skin              |       |       |    11 |       ||    11
       Chain mail        |       |       |       |    61 ||    61
       Plate armour      |       |       |       |    29 ||    29
Dodge: Dodged            |    54 |    31 |    83 |    42 ||   210
Block: Buckler           |    22 |    14 |    52 |       ||    88
       Kite shield       |       |       |   108 |    97 ||   205

Table legend: (Time is in decaauts)
 A = Elapsed time spent in this place.
 B = Non-inter-level travel time spent in this place.
 C = Inter-level travel time spent in this place.
 D = Time resting spent in this place.
 E = Time spent auto-exploring this place.
 F = Levels seen in this place.
 G = Mean time per level.
                   A        B        C        D        E       F      G
               +--------+--------+--------+--------+--------+-----+--------+
         Total |  10521 |  10116 |    405 |    920 |   7133 |  11 |  956.5 |
       Dungeon |  10013 |   9608 |    405 |    920 |   6698 |   9 | 1112.6 |
        Temple |    255 |    255 |      0 |      0 |    245 |   1 |  255.0 |
         Sewer |    252 |    252 |      0 |      0 |    190 |   1 |  252.0 |
               +--------+--------+--------+--------+--------+-----+--------+

Top non-repeatable levels by time:
     D:4: 1573 daAuts
     D:3: 1390 daAuts
     D:8: 1302 daAuts
     D:6: 1193 daAuts
     D:1: 1128 daAuts
     D:5: 1066 daAuts
     D:2: 983 daAuts
     D:7: 864 daAuts
     D:9: 510 daAuts
  Temple: 255 daAuts
   Sewer: 252 daAuts
